AoeStats
← Flo

Arabia

503456108Analyzed
2v2 RM · 1mo ago on Aug 31, 2026· 29m 56s· 4 players
Game mode
Random Map
Map size
Medium (4 player)
Population
200
Speed
Normal
Resources
Standard
Victory
Conquest
Starting age
Dark Age
Ending age
Imperial Age
RankedLock teamsTeams togetherTeam positionsShared explorationLock speedFull tech treeHidden civsTurbo modeCheats
Victory
Defeat
🇩🇪 Persians · Germany
1433
+14
🇩🇪 Maya · Germany
1274
+21
🇨🇭 Khitans · Switzerland
1390
-18
🇨🇭 Georgians · Switzerland
1390
-18
Flo
5:39 Loom
9:33 Feudal Age
16:00 Scale Barding Armor
17:24 Forging
25:39 Castle Age
24:41 Double-Bit Axe
25:30 Bloodlines
25:55 Horse Collar
26:09 Gold Mining
wit^
6:46 Loom
9:21 Feudal Age
17:30 Fletching
19:18 Padded Archer Armor
19:37 Domestication
20:26 Double-Bit Axe
23:12 Wheelbarrow
26:24 Castle Age
26:25 Crossbowman
27:03 Bodkin Arrow
27:18 Thumb Ring
Sevi6-7
0:30 Loom
9:18 Feudal Age
10:11 Double-Bit Axe
14:41 Fletching
15:22 Gold Mining
17:45 Padded Archer Armor
23:45 Castle Age
23:52 Crossbowman
24:47 Bodkin Arrow
28:15 Leather Archer Armor
Lungaharing
6:08 Loom
6:21 Loom
8:36 Feudal Age
9:03 Double-Bit Axe
17:48 Bloodlines
19:01 Forging
19:20 Scale Barding Armor
20:44 Horse Collar
23:56 Wheelbarrow
26:19 Castle Age
25:17 Gold Mining
26:17 Light Cavalry
27:18 Chain Barding Armor
27:35 Husbandry
28:38 Iron Casting
Connection lost

Rejoining the realm…

Still unreachable

The connection could not be restored.

Session expired

The server has moved on; the page needs a fresh start.